 Seeded DCSS version 0.29.1-2-gbd0b4ee654 (webtiles) character file.

Game seed: 1 (custom seed)

14338 Kazon the Carver (level 11, -7/127 HPs)
             Began as a Demonspawn Berserker on Nov 17, 2022.
             Was a High Priest of Trog.
             Mangled by Rupert
             ... wielding a +2 executioner's axe of venom
              (38 damage)
             ... on level 12 of the Dungeon on Nov 21, 2022.
             The game lasted 00:48:48 (8617 turns).

Kazon the Carver (Demonspawn Berserker)             Turns: 8617, Time: 00:48:49

Health: -7/127     AC: 13    Str: 19    XL:     11   Next: 87%
Magic:  11/11      EV: 29    Int: 11    God:    Trog [*****.]
Gold:   637        SH:  4    Dex: 15    Spells: 10/10 levels left

rFire   + . .      SeeInvis .   e - +2 dagger (venom)
rCold   + + .      Faith    .   c - +0 buckler
rNeg    + . .      Spirit   .   P - +0 troll leather armour
rPois   .          Reflect  .   o - +0 helmet
rElec   .          Harm     .   R - scarf {rC+ rF+}
rCorr   .          Rampage  .   D - +0 pair of gloves of Erepn {Regen+ Dex+2 Stlth+}
Will    .....                   k - +2 pair of boots
Stlth   ..........              d - amulet of the acrobat
HPRegen 1.91/turn               r - ring of positive energy
MPRegen 0.12/turn               j - ring of protection from cold

@: berserking (expiring), lethally poisoned (-7 -> -54), acrobatic, very quick
A: claws 2, yellow scales 2, powered by death 1, spiny 2
a: Renounce Religion, Berserk, Trog's Hand, Brothers in Arms


You were on level 12 of the Dungeon.
You worshipped Trog.
Trog was extremely pleased with you.
You visited 1 branch of the dungeon, and saw 12 of its levels.

You collected 863 gold pieces.
You spent 226 gold pieces at shops.

Inventory:

Hand Weapons
 e - a +2 dagger of venom (weapon)
 g - a +1 long sword of protection
 s - the +3 falchion of Winter {venom, rCorr}
   (You bought it in a shop on level 3 of the Dungeon)

   It poisons the flesh of those it strikes.
   rCorr:     It protects you from acid and corrosion.
Missiles
 n - 23 boomerangs (quivered)
 q - a throwing net
 t - 12 stones
 A - 4 curare-tipped darts
 J - 35 poisoned darts
Armour
 c - a +0 buckler (worn)
 k - a +2 pair of boots (worn)
 o - a +0 helmet (worn)
 D - the +0 pair of gloves of Erepn (worn) {Regen+ Dex+2 Stlth+}
   (You acquired it on level 1 of the Dungeon)

   Dex:       It affects your dexterity (+2).
   Regen:     It increases your rate of health regeneration.
   Stlth:     It makes you more stealthy.
 F - a +3 leather armour of cold resistance
 P - a +0 troll leather armour (worn)
 R - a scarf of resistance (worn)
Jewellery
 d - an amulet of the acrobat (around neck)
 j - a ring of protection from cold (right hand)
 r - a ring of positive energy (left hand)
 O - a ring of protection from cold
Wands
 x - a wand of paralysis (26)
 y - a wand of mindburst (13)
 E - a wand of flame (39)
 K - a wand of roots (6)
 Q - a wand of polymorph (5)
Scrolls
 i - a scroll of identify
 l - 2 scrolls of immolation
 p - 2 scrolls of poison {unknown}
 u - 4 scrolls of teleportation
 w - a scroll of magic mapping {unknown}
 B - 2 scrolls of enchant weapon
 C - 3 scrolls of fog
 I - 3 scrolls of fear
 L - a scroll of summoning {unknown}
 N - a scroll of amnesia {unknown}
 S - a scroll of vulnerability {unknown}
Potions
 a - 2 potions of ambrosia {unknown}
 b - 4 potions of berserk rage
 f - 3 potions of flight
 h - a potion of magic
 m - 2 potions of haste
 v - 5 potions of lignification
 z - 2 potions of cancellation
 G - 2 potions of curing
 H - a potion of might
 U - a potion of mutation {unknown}
Miscellaneous
 M - a condenser vane
 T - a phial of floods


   Skills:
 * Level 7.7 Fighting
 + Level 5.5(8.0) Short Blades
 + Level 9.1(9.8) Long Blades
 + Level 6.4 Throwing
 + Level 4.9 Armour
 + Level 6.2 Dodging
 + Level 7.4 Stealth
 + Level 2.2 Shields
 + Level 0.3 Unarmed Combat
 * Level 6.5 Evocations


You had 10 spell levels left.
You didn't know any spells.
Your spell library was empty.

Dungeon Overview and Level Annotations

Branches:
Dungeon (12/15)            Temple (0/1) D:7            Lair (0/5) D:10
    Orc: D:9-12

Altars:
Hepliaklqana
Uskayaw

Shops:
D:3 (   D:8 ?(==   D:10 :

Annotations:
D:12 Rupert


Innate Abilities, Weirdness & Mutations

You have very sharp fingernails.
You are mostly covered in yellow scales. (AC +3)
You regenerate a little health from kills.
You are mostly covered in sharp spines.


Message History

You barely miss Rupert.
Rupert is lightly wounded.
You feel sick. Rupert closely misses you.
You puncture Rupert!
Rupert is moderately wounded.
You feel sick.
Rupert hits you with a +2 executioner's axe of venom!!
You are more poisoned.
You puncture Rupert!
Rupert is moderately wounded.
You feel very sick.
You puncture Rupert!
Rupert looks as sick as possible!
Rupert is moderately wounded.
You feel very sick. You block Rupert's attack.
You completely miss Rupert.
Rupert is moderately wounded.
You feel very sick.
You hit Rupert.
Rupert looks as sick as possible!
Rupert is moderately wounded.
You feel sick.
Rupert hits you with a +2 executioner's axe of venom!
You are more poisoned.
You barely miss Rupert.
Rupert is moderately wounded.
You feel very sick.
You barely miss Rupert.
Rupert is moderately wounded.
You feel very sick.
Rupert hits you with a +2 executioner's axe of venom!
You are lethally poisoned!
Rupert attacks as you move away! Rupert is struck by your spines.
Rupert hits you with a +2 executioner's axe of venom.
You are more poisoned.
* * * LOW HITPOINT WARNING * * *
You feel extremely sick.
Rupert rages.
Rupert attacks as you move away! Rupert is struck by your spines.
Rupert hits you with a +2 executioner's axe of venom!!!
You die...

..................####.
######.###.........##.
........# ###......<.#.
######### #......[...
####.......
###########...#.#
#...............#
######.##########.#..#
#...@@#.# #.#..#
#.####.## #.#..# ##
#.#..# #.#..# #.#..#
#..#


You could see Rupert (berserk, extremely poisoned).

Vanquished Creatures
  Erolcha (D:10)
  A two-headed ogre (D:9)
  An ugly thing (D:11)
  Maggie (D:6)
  An unseen horror (D:12)
  4 kobold demonologists (D:11)
  3 trolls
  Prince Ribbit (D:9)
  2 shadows
  A vampire (D:10)
  22 yaks
  2 wyverns
  Eustachio (D:5)
  2 steam dragons
  Menkaure (D:5)
  Edmund (D:6)
  2 acid dragons
  4 water moccasins
  5 orc warriors
  An ice beast (D:8)
  5 sky beasts
  2 black bears (D:6)
  5 centaurs
  An ogre (D:6)
  A wolf (D:10)
  2 phantoms (D:6)
  3 kobold brigands
  3 necrophages
  A bullfrog (D:7)
  A gnoll sergeant (D:7)
  4 scorpions
  20 wights
  3 killer bees (D:10)
  An electric eel (D:10)
  A howler monkey (D:5)
  2 jellies (D:6)
  5 hounds
  7 orc priests
  A gnoll bouda (D:7)
  6 iguanas
  4 orc wizards
  Robin (D:3)
  15 gnolls
  13 adders
  3 shadow imps
  2 white imps (D:7)
  An ufetubus (D:5)
  3 worms
  37 orcs
  11 endoplasms
  A giant cockroach (D:1)
  16 goblins
  9 hobgoblins
  A jackal (D:4)
  27 kobolds
  A quokka (D:1)
  5 ball pythons
  4 bats
  3 frilled lizards
  6 rats
294 creatures vanquished.

Vanquished Creatures (others)
  A quokka (D:7)
1 creature vanquished.

Grand Total: 295 creatures vanquished

Notes
Turn   | Place    | Note
-------+----------+-------------------------------------------
     0 | D:1      | Kazon the Demonspawn Berserker began the quest for the Orb.
     0 | D:1      | Reached XP level 1. HP: 18/18 MP: 1/1
    34 | D:1      | Identified a scroll of acquirement
    34 | D:1      | Acquired the +0 pair of gloves of Erepn {Regen+ Dex+2
                  | Stlth+}
   248 | D:1      | Gained mutation: You are partially covered in sharp spines.
                  | [demonic ancestry]
   248 | D:1      | Reached XP level 2. HP: 24/24 MP: 2/2
   437 | D:1      | Reached skill level 3 in Long Blades
   773 | D:2      | Gained mutation: You regenerate a little health from kills.
                  | [demonic ancestry]
   773 | D:2      | Reached XP level 3. HP: 24/29 MP: 3/3
  1080 | D:2      | Reached skill level 1 in Stealth
  1100 | D:2      | Reached skill level 1 in Throwing
  1100 | D:2      | Reached XP level 4. HP: 23/37 MP: 4/4
  1111 | D:2      | Reached ** piety under Trog
  1329 | D:3      | Found Umat's Antique Weapon Boutique.
  1356 | D:3      | Bought a crude falchion for 184 gold pieces
  1356 | D:3      | Identified the +3 falchion of Winter {venom, rCorr} (You
                  | bought it in a shop on level 3 of the Dungeon)
  1502 | D:3      | Noticed Robin
  1508 | D:3      | Killed Robin
  1547 | D:3      | Reached XP level 5. HP: 42/42 MP: 5/5
  1757 | D:3      | Reached skill level 5 in Fighting
  1757 | D:3      | Reached skill level 5 in Long Blades
  1757 | D:3      | Reached XP level 6. HP: 52/52 MP: 6/6
  2127 | D:4      | Reached skill level 5 in Stealth
  2220 | D:4      | You fall into a shaft and drop 2 floors!
  2222 | D:6      | Noticed an orc warrior
  2227 | D:5      | Entered Level 5 of the Dungeon
  2345 | D:5      | Gained mutation: You have sharp fingernails. [demonic
                  | ancestry]
  2345 | D:5      | Reached XP level 7. HP: 56/57 MP: 7/7
  2490 | D:5      | Reached skill level 6 in Long Blades
  2853 | D:4      | Reached *** piety under Trog
  2916 | D:4      | Found a hazy altar of Hepliaklqana.
  3075 | D:5      | Noticed Menkaure
  3086 | D:5      | Killed Menkaure
  3087 | D:5      | Gained mutation: You have very sharp fingernails. [demonic
                  | ancestry]
  3087 | D:5      | Reached XP level 8. HP: 40/64 MP: 8/8
  3337 | D:5      | Noticed Eustachio
  3381 | D:5      | Reached skill level 1 in Evocations
  3387 | D:5      | Killed Eustachio
  3658 | D:6      | Reached skill level 5 in Dodging
  3686 | D:6      | Noticed Maggie
  3718 | D:6      | Killed Maggie
  3719 | D:6      | Gained mutation: You are mostly covered in sharp spines.
                  | [demonic ancestry]
  3719 | D:6      | Reached XP level 9. HP: 53/69 MP: 9/9
  4035 | D:6      | Reached skill level 7 in Long Blades
  4048 | D:6      | Reached **** piety under Trog
  4164 | D:6      | Noticed Edmund
  4190 | D:6      | Killed Edmund
  4406 | D:6      | Reached skill level 1 in Shields
  4677 | D:7      | Gained mutation: You are partially covered in yellow
                  | scales. (AC +2) [demonic ancestry]
  4677 | D:7      | Reached XP level 10. HP: 76/76 MP: 10/10
  4812 | D:7      | Found a staircase to the Ecumenical Temple.
  4859 | D:7      | Found a hide-covered altar of Uskayaw.
  4885 | D:7      | Reached ***** piety under Trog
  5172 | D:8      | Found Heidghoki's Jewellery Shop.
  5278 | D:8      | Found Esumer's Weapon Shop.
  5444 | D:8      | Reached skill level 5 in Throwing
  5548 | D:8      | Found Quzidd's Magic Scroll Emporium.
  5553 | D:8      | Bought a scroll of teleportation for 42 gold pieces
  5743 | D:8      | Found Zoxtaeshakh's Jewellery Boutique.
  6154 | D:9      | Noticed Prince Ribbit
  6160 | D:9      | Killed Prince Ribbit
  6355 | D:9      | Reached skill level 5 in Short Blades
  6427 | D:9      | Noticed a two-headed ogre
  6445 | D:9      | Killed a two-headed ogre
  6446 | D:9      | Reached skill level 8 in Long Blades
  6582 | D:10     | Entered Level 10 of the Dungeon
  6612 | D:10     | Reached skill level 5 in Evocations
  6727 | D:10     | Gained mutation: You are mostly covered in yellow scales.
                  | (AC +3) [demonic ancestry]
  6727 | D:10     | Reached XP level 11. HP: 75/83 MP: 11/11
  7047 | D:10     | Found a staircase to the Lair.
  7387 | D:10     | Found Juagoaq's Book Shoppe.
  7405 | D:10     | Noticed Erolcha
  7422 | D:10     | Killed Erolcha
  7438 | D:10     | Identified the +5 long sword of the Land of Plenty {drain,
                  | Dex+3}
  8076 | D:11     | Noticed a green ugly thing
  8090 | D:11     | Killed a green ugly thing
  8442 | D:11     | Reached skill level 9 in Long Blades
  8596 | D:12     | Noticed Rupert
  8601 | D:12     | Paralysed by Rupert for 5 turns
  8617 | D:12     | Mangled by Rupert

Illustrated notes

Levels and vault maps discovered:
D:1:      dpeg_arrival_three_smaller_balls, layout_basic
D:2:      layout_loops_ring
D:3:      layout_basic, serial_shops, nicolae_shop_stone, st_stairs_9,
          minmay_misc_feat_doors, eino_curves_03, uniq_robin
D:4:      minmay_wonky_spiral, layout_basic,
          mainiacjoe_overflow_surrounded_room, minivault_5
D:5:      layout_cave_pods, uniq_menkaure, uniq_eustachio
D:6:      cheibrodos_barr_body, layout_basic, minmay_crystal_room,
          minmay_pentangle, uniq_maggie, uniq_edmund
D:7:      layout_cave_pools, nicolae_uskayaw_murder_on_the_dancefloor,
          elyvilon_altar_4, minmay_temple_entry_purple_smoke
D:8:      layout_basic, serial_shops, shop_statue, kennysheep_little_box, shop,
          nicolae_shop_window_shopping
D:9:      layout_cave_pools, uniq_prince_ribbit1
D:10:     layout_stronghold, erik_lair_island, serial_shops,
          nicolae_shop_statue_plus, uniq_erolcha
D:11:     layout_roguey
D:12:     layout_loops_ring, orc_0_dummy, chequers_serial_rivers_marsh,
          uniq_lodul, uniq_nessos, uniq_rupert

Skill      XL: |  1  2  3  4  5  6  7  8  9 10 11 |
---------------+----------------------------------+-----
Long Blades    | 3 5 6 7 8 9 |  9.1
Stealth        | 1 4 5 6 7 |  7.4
Throwing       | 1 4 5 6 |  6.4
Dodging        | 2 4 5 6 |  6.2
Fighting       | 5 6 7 |  7.7
Short Blades   | 4 5 |  5.5
Armour         | 4 |  4.9
Evocations     | 1 3 5 6 |  6.5
Shields        | 1 2 |  2.2
Unarmed Combat | |  0.3

Action                   |  1- 3 |  4- 6 |  7- 9 | 10-12 || total
-------------------------+-------+-------+-------+-------++-------
Melee: Falchion          |    60 |    56 |   150 |   277 ||   543
       Dagger            |    17 |     4 |    73 |    86 ||   180
       Long sword        |       |       |       |    98 ||    98
       Unarmed           |       |       |       |     8 ||     8
Throw: Stone             |     9 |    17 |    46 |    54 ||   126
       Boomerang         |       |     7 |       |    15 ||    22
       Dart              |       |       |       |     9 ||     9
Invok: Berserk           |       |       |       |     2 ||     2
Evoke: Wand              |       |       |     6 |       ||     6
  Use: Scroll            |     1 |       |    12 |     2 ||    15
       Potion            |       |     1 |     2 |       ||     3
 Stab: Sleeping          |     7 |     7 |    16 |    11 ||    41
       Distracted        |       |     1 |     1 |     1 ||     3
Armor: Animal skin       |    23 |     9 |    11 |       ||    43
       Leather armour    |       |       |    37 |    36 ||    73
       Troll leather arm |       |       |       |    56 ||    56
Dodge: Dodged            |    45 |    39 |   105 |   192 ||   381
Block: Buckler           |       |       |    16 |    55 ||    71
